 Dungeon Sprint DCSS version 0.21-a0-400-g417d9d2 (webtiles) character file.

583 Amnesiac the Geomancer (level 7, 28/46 HPs)
             Began as a Demonspawn Earth Elementalist on Oct 20, 2017.
             Was a Follower of Dithmenos.
             Quit the game in the Dungeon (Sprint I: "Red Sonja").
             The game lasted 00:01:49 (406 turns).

Amnesiac the Geomancer (DsEE)                        Turns: 406, Time: 00:01:50

Health: 28/46      AC:  7    Str:  8    XL:     7   Next: 14%
Magic:  11/17      EV: 12    Int: 17    God:    Dithmenos [*.....]
Gold:   329        SH:  0    Dex: 15    Spells: 12/19 levels left

rFire    + . .     SeeInvis .   c - +0 dagger
rCold    . . .     Gourm    .   (no shield)
rNeg     . . .     Faith    .   a - +2 leather armour {rF+}
rPois    .         Spirit   .   (no helmet)
rElec    .         Reflect  .   (no cloak)
rCorr    .         Harm     .   (no gloves)
MR       .....     NoTele   +   (no boots)
Stlth    ++++......             (no amulet)
HPRegen  0.15/turn              (no ring)
MPRegen  0.15/turn              (no ring)

@: wreathed by umbra
A: claws 1, molten scales 1, spiny 1
a: Renounce Religion


You were in the Dungeon.
You worshipped Dithmenos.
Dithmenos was aware of your devotion.
You were not hungry.

You visited 1 branch You collected 351 gold pieces.
You spent 22 gold pieces at shops.

Inventory:

Hand Weapons
 c - a +0 dagger (weapon)
Missiles
 b - 14 stones (quivered)
Armour
 a - a +2 leather armour of fire resistance (worn)
Scrolls
 j - a scroll of blinking {!r}
Potions
 e - a potion of curing {!q}
 f - a potion of heal wounds {!q}
 g - a potion of haste {!q}
 h - 2 potions of magic {!q}
 i - a potion of agility {!q, unknown}
Books
 k - a book of Geomancy

   Spells                             Type                      Level
   a - Sandblast                      Earth                        1
   b - Passwall                       Transmutation/Earth          2
   c - Stone Arrow                    Conjuration/Earth            3
   d - Petrify                        Transmutation/Earth          4
   e - Lee's Rapid Deconstruction     Earth                        5
Comestibles
 d - a bread ration


   Skills:
 + Level 6.1 Short Blades
 - Level 1.7 Dodging
 + Level 7.0 Stealth
 - Level 6.6 Spellcasting
 - Level 0.8 Transmutations
 - Level 9.4 Earth Magic


You had 12 spell levels left.
You knew the following spells:

 Your Spells              Type           Power        Failure   Level  Hunger
a - Sandblast             Erth           #####.       1%          1    None
b - Passwall              Tmut/Erth      ###.......   3%          2    None
e - Petrify               Tmut/Erth      ###.....     21%         4    ####...


Dungeon Overview and Level Annotations

Branches:
Dungeon (1/1)

Altars:
Cheibriados
Dithmenos
Elyvilon
Fedhas
Gozag
Hepliaklqana
Kikubaaqudgha
Makhleb
Nemelex Xobeh
Okawaru
Qazlal
Ru
Trog
Uskayaw
Xom
Yredelemnul
Zin
The Shining One
Jiyva
Lugonu

Shops:
D (


Innate Abilities, Weirdness & Mutations

You have sharp fingernails.
You are partially covered in molten scales. (AC +2)
You are partially covered in sharp spines.


Message History

You miscast Passwall.
You are very lightly contaminated with residual magic.
You feel earthy.
Unknown command.
You start resting.
Magic restored.
You start waiting.
Your magical contamination has completely faded away.
Casting: Passwall
Confirm with . or Enter, or press ? or * to list all spells.
Which direction?
You begin to meditate on the wall.
You continue meditating on the rock. x2
You finish merging with the rock.
Found 108 gold pieces.
You now have 248 gold pieces (gained 27).
You now have 275 gold pieces (gained 27).
You now have 302 gold pieces (gained 27).
You now have 329 gold pieces (gained 27).
Casting: Passwall
Confirm with . or Enter, or press ? or * to list all spells.
Which direction?
You begin to meditate on the wall.
You continue meditating on the rock. x2
You finish merging with the rock.
Found four altars.
A slime creature comes into view.
The helpless slime creature fails to defend itself.
You impale the slime creature!!
The slime creature is heavily wounded.
The slime creature is struck by your spines.
The slime creature hits you but does no damage.
Casting: Passwall
Confirm with . or Enter, or press ? or * to list all spells.
Aiming: Sandblast
Press: ? - help, Shift-Dir - straight line, f - slime creature
Aim: a slime creature (heavily wounded, umbra)
The blast of sand hits the slime creature.
The slime creature is almost dead.
b - 16 stones The slime creature hits you!
Casting: Sandblast
Confirm with . or Enter, or press ? or * to list all spells.
Aiming: Sandblast
Press: ? - help, Shift-Dir - straight line, f/p - slime creature
Aim: a slime creature (almost dead, umbra)
The blast of sand hits the slime creature.
The slime creature is almost dead.
b - 15 stones The slime creature is struck by your spines.
The slime creature hits you.
Casting: Sandblast
Confirm with . or Enter, or press ? or * to list all spells.
Aiming: Sandblast
Press: ? - help, Shift-Dir - straight line, f/p - slime creature
Aim: a slime creature (almost dead, umbra)
The blast of sand hits the slime creature.
You kill the slime creature!
Dithmenos accepts your kill.
Your Short Blades skill gained 2 levels and is now at level 6!
Your Stealth skill gained 2 levels and is now at level 7!
You have reached level 7!
Your demonic ancestry asserts itself...
Your fingernails lengthen.
b - 14 stones Are you sure you want to abandon this character and quit the game? (Confirm with "yes".)

###################
#<.#..)..#.)+..#@_#
#..[..#..+..#..+..+
#..#####+#####+#__#
#..####..#...# ####
#..#__####..##
#..#_____##+#
#⌠⌠#_.∩...+
####_..__##
#..#_____#


There were no monsters in sight!

Vanquished Creatures
  A slime creature (D)
  Sigmund (D)
  A yak (D)
  An ogre (D)
  Ijyb (D)
5 creatures vanquished.

Notes
Turn   | Place    | Note
-------+----------+-------------------------------------------
     0 | D        | Amnesiac the Demonspawn Earth Elementalist began the quest for the Orb.
     0 | D        | Reached XP level 1. HP: 13/13 MP: 3/3
     1 | D        | Noticed Ijyb
    14 | D        | Killed Ijyb
    14 | D        | Reached skill level 5 in Earth Magic
    14 | D        | Gained mutation: You are partially covered in sharp spines. [demonic ancestry]
    14 | D        | Reached XP level 2. HP: 19/19 MP: 2/6
    48 | D        | Noticed an ogre
    52 | D        | Killed an ogre
    52 | D        | Reached skill level 5 in Spellcasting
    52 | D        | Reached skill level 7 in Earth Magic
    52 | D        | Reached XP level 3. HP: 24/24 MP: 2/9
    52 | D        | Gained mutation: You are partially covered in molten scales. (AC +2) [demonic ancestry]
    52 | D        | Reached XP level 4. HP: 30/30 MP: 2/11
   137 | D        | Learned a level 2 spell: Passwall
   142 | D        | Learned a level 4 spell: Petrify
   178 | D        | Found a shadowy altar of Dithmenos.
   178 | D        | Found a sacrificial altar of Ru.
   178 | D        | Found a snail-covered altar of Cheibriados.
   178 | D        | Found an opulent altar of Gozag.
   178 | D        | Found a sparkling altar of Nemelex Xobeh.
   178 | D        | Found a basalt altar of Yredelemnul.
   178 | D        | Found a hide-covered altar of Uskayaw.
   178 | D        | Found a hazy altar of Hepliaklqana.
   178 | D        | Found an ancient bone altar of Kikubaaqudgha.
   178 | D        | Found Itoman's Weapon Emporium.
   178 | D        | Found a glowing golden altar of the Shining One.
   178 | D        | Found an iron altar of Okawaru.
   178 | D        | Found a bloodstained altar of Trog.
   178 | D        | Found a blossoming altar of Fedhas.
   178 | D        | Found a stormy altar of Qazlal.
   178 | D        | Found a white marble altar of Elyvilon.
   178 | D        | Found a glowing silver altar of Zin.
   178 | D        | Noticed a yak
   178 | D        | Became a worshipper of Dithmenos the Shadowed
   186 | D        | Killed a yak
   186 | D        | Reached skill level 9 in Earth Magic
   186 | D        | Reached XP level 5. HP: 21/35 MP: 4/14
   189 | D        | Bought a +0 dagger for 22 gold pieces
   315 | D        | Noticed Sigmund
   317 | D        | Killed Sigmund
   317 | D        | Reached * piety under Dithmenos
   317 | D        | Reached skill level 5 in Stealth
   317 | D        | Reached XP level 6. HP: 41/41 MP: 10/15
   402 | D        | Found a viscous altar of Jiyva.
   402 | D        | Found a corrupted altar of Lugonu.
   402 | D        | Found a burning altar of Makhleb.
   402 | D        | Found a shimmering altar of Xom.
   402 | D        | Noticed a slime creature
   405 | D        | Killed a slime creature
   405 | D        | Gained mutation: You have sharp fingernails. [demonic ancestry]
   405 | D        | Reached XP level 7. HP: 28/46 MP: 11/17
   406 | D        | Quit the game

Vault maps used:
D:        dungeon_sprint_1

Skill      XL: |  1  2  3  4  5  6 |
---------------+-------------------+-----
Spellcasting   | 3 5 6 |  6.6
Earth Magic    | 5 7 9 |  9.4
Short Blades   | 4 6 |  6.1
Stealth        | 5 7 |  7.0
Dodging        | |  1.7
Transmutations | |  0.8

Action                   |  1- 3 |  4- 6 |  7- 9 || total
-------------------------+-------+-------+-------++-------
Melee: Unarmed           |    10 |       |       ||    10
       Dagger            |       |     2 |       ||     2
 Cast: Sandblast         |     4 |    11 |     1 ||    16
       Passwall          |       |     8 |       ||     8
  Use: Potion            |     1 |       |       ||     1
 Stab: Sleeping          |       |     2 |       ||     2
Armor: Leather armour    |       |     1 |       ||     1
Dodge: Dodged            |     7 |     3 |       ||    10

Table legend:
 A = Spawn XP
 B = Non-spawn XP
 C = Spawn XP percentage of total XP
 D = Spawn monster count
 E = Non-spawn monster count
 F = Spawn count percentage of total count
 G = Total turns spent on level
                    A         B        C        D         E        F      G
               +---------+---------+-------+---------+---------+-------+---------
         Total |       0 |     833 |   0.0 |       0 |       5 |   0.0 |   406
               +---------+---------+-------+---------+---------+-------+---------
             D |       0 |     833 |   0.0 |       0 |       5 |   0.0 |   406
               +---------+---------+-------+---------+---------+-------+---------
